 Dungeon Crawl Stone Soup version 0.29.1-15-g9cfb28693d (webtiles) character file.

Game seed: 18376147958101256020

156 zeram the Covered (level 5, -16/43 (47) HPs)
             Began as a Hill Orc Fighter on Apr 10, 2023.
             Demolished by an orc warrior
             ... wielding a +0 battleaxe
              (18 damage)
             ... on level 4 of the Dungeon.
             The game lasted 00:03:37 (2673 turns).

zeram the Covered (Hill Orc Fighter)                Turns: 2673, Time: 00:03:37

HP:   -16/43 (47)   AC:  7    Str: 21    XL:     5   Next: 37%
MP:   5/5           EV:  9    Int:  8    God:
Gold: 154           SH:  4    Dex: 10    Spells: 4/4 levels left

rFire   . . .      SeeInvis .   k - +2 war axe (elec)
rCold   . . .      Faith    .   c - +0 buckler
rNeg    . . .      Spirit   .   b - +0 scale mail
rPois   .          Reflect  .   (no helmet)
rElec   .          Harm     .   (no cloak)
rCorr   .          Rampage  .   (no gloves)
Will    .....                   (no boots)
Stlth   ..........              (no amulet)
HPRegen 0.14/turn               (no ring)
MPRegen 0.09/turn               (no ring)

@: mighty, drained
A: no striking features
a: no special abilities


You were on level 4 of the Dungeon.
You visited 1 branch of the dungeon, and saw 4 of its levels.

You collected 154 gold pieces.

Inventory:

Hand Weapons
 a - a +0 war axe
 k - a +2 war axe of electrocution (weapon)
Armour
 b - a +0 scale mail (worn)
 c - a +0 buckler (worn)
Scrolls
 f - a scroll of noise {unknown}
 g - a scroll of butterflies
 i - 2 scrolls of immolation
 j - a scroll of brand weapon {unknown}
 m - a scroll of identify
Potions
 d - a potion of might
 e - a potion of attraction
 h - a potion of mutation {unknown}
 l - a potion of brilliance {unknown}


   Skills:
 + Level 4.4 Fighting
 + Level 4.6 Axes
 + Level 4.6 Armour
 + Level 0.5 Dodging
 + Level 3.5 Shields


You had 4 spell levels left.
You didn't know any spells.
Your spell library was empty.

Dungeon Overview and Level Annotations

Branches:
Dungeon (4/15)
 Temple: D:4-7

Altars:
Ashenzari
The Shining One


Message History

The orc warrior hits you with a +0 battleaxe!
You closely miss the orc warrior.
The orc warrior is heavily wounded.
You block the orc warrior's attack.
You barely miss the orc warrior.
The orc warrior is heavily wounded.
The orc warrior hits you with a +0 battleaxe!
The orc warrior closely misses you.
You hit the orc warrior.
The orc warrior is heavily wounded.
The orc warrior hits you with a +0 battleaxe!
* * * LOW HITPOINT WARNING * * *
You are too injured to fight recklessly!
You are too injured to fight recklessly!
You are too injured to fight recklessly!
You are too injured to fight recklessly!
You are too injured to fight recklessly!
You are too injured to fight recklessly!
You are too injured to fight recklessly!
You are too injured to fight recklessly!
You are too injured to fight recklessly!
You are too injured to fight recklessly!
You are too injured to fight recklessly!
You are too injured to fight recklessly!
The orc warrior attacks as you move away!
You block the orc warrior's attack.
The orc warrior attacks as you move away!
The orc warrior barely misses you.
You aren't carrying any items that you can evoke.
You feel very mighty all of a sudden.
The orc warrior hits you with a +0 battleaxe!
* * * LOW HITPOINT WARNING * * *
You slash the orc warrior!
The orc warrior is almost dead.
You block the orc warrior's attack.
You hit the orc warrior but do no damage.
The orc warrior is almost dead.
The orc warrior closely misses you.
The orc warrior hits you with a +0 battleaxe!!
You die...

#........# #.###..#
##...###.###.###..#
##...##..........#
##.....###.##.##.##
#.......##.##..#.#
.........#.......####
.......>.+..........#
.........####.......#
#.......## #...@...#
##..)..## ###.o...#
##...## ###...>.#
##'## ##.....### #.#
##..##..# #.#
#..###..# ##.##
#.#.(...# ##...##
#....#..# #.....#
###..#..#


You could see an orc warrior.

Vanquished Creatures
  An iguana (D:4)
  2 orc wizards (D:3)
  2 adders
  2 dart slugs
  2 orcs (D:3)
  4 endoplasms
  A giant cockroach (D:2)
  2 goblins (D:1)
  6 hobgoblins (D:1)
  3 jackals (D:2)
  4 kobolds
  3 quokkas
  6 ball pythons
  7 bats
  4 frilled lizards
  8 rats
57 creatures vanquished.

Notes
Turn   | Place    | Note
-------+----------+-------------------------------------------
     0 | D:1      | zeram the Hill Orc Fighter began the quest for the Orb.
     0 | D:1      | Reached XP level 1. HP: 19/19 MP: 1/1
   261 | D:1      | Reached XP level 2. HP: 24/27 MP: 2/2
   630 | D:1      | Reached XP level 3. HP: 31/33 MP: 3/3
  1016 | D:1      | Found a faded altar of an unknown god.
  1502 | D:2      | You fall into a shaft and drop 1 floor!
  1546 | D:3      | Reached XP level 4. HP: 32/41 MP: 4/4
  1696 | D:3      | Reached XP level 5. HP: 20/47 MP: 5/5
  1975 | D:3      | Identified the +6 chain mail of Meager Mirth {*Slow Int+6
                  | Dex+4}
  2014 | D:3      | Found a broken altar of Ashenzari.
  2014 | D:3      | Found a glowing golden altar of the Shining One.
  2658 | D:4      | Noticed an orc warrior
  2671 | D:4      | HP: 1/43 [orc warrior/+0 battleaxe (12)]
  2673 | D:4      | Demolished by an orc warrior

Illustrated notes

Levels and vault maps discovered:
D:1:      erik_arrival_orb_chamber, layout_loops_ring,
          ebering_ecumenical_altar_sacrificial, minmay_indecisive_spiral
D:2:      layout_rooms, kennysheep_generic_room_5
D:3:      layout_loops_ring, nicolae_overflow_two_pavilions
D:4:      layout_loops_corners, minmay_temple_entry_steel_oval,
          kennysheep_flooded_box, minmay_cut_off, uniq_eustachio

Skill      XL: |  1  2  3  4 |
---------------+-------------+-----
Fighting       | 4 |  4.4
Axes           | 3 4 |  4.6
Armour         | 4 |  4.6
Dodging        | |  0.5
Shields        | |  3.5

Action                   |  1- 3 |  4- 6 || total
-------------------------+-------+-------++-------
Melee: War axe           |   143 |    63 ||   206
  Use: Scroll            |     3 |     3 ||     6
       Potion            |       |     3 ||     3
Armor: Scale mail        |    85 |    67 ||   152
Dodge: Dodged            |    73 |    41 ||   114
Block: Buckler           |    32 |    13 ||    45
